 Dungeon Crawl Stone Soup version 0.28-a0-1234-g826d19b2e0 (webtiles) character file.

Game seed: 7233666827726361852

13 melchezedek the Magician (level 2, -3/21 HPs)
             Began as a Djinni Fire Elementalist on Dec 23, 2021.
             Frozen to death by an endoplasm (7 damage)
             ... on level 1 of the Dungeon.
             The game lasted 00:09:03 (482 turns).

melchezedek the Magician (Djinni Fire Elementalist)  Turns: 482, Time: 00:09:04

Health: -3/21      AC:  2    Str:  7    XL:     2   Next: 50%
Gold:   47         EV: 12    Int: 16    God:
                   SH:  0    Dex: 13

rFire   + + .      SeeInvis .   c - +2 hand axe (freeze)
rCold   x . .      Faith    .   (no shield)
rNeg    . . .      Spirit   .   a - +0 robe
rPois   ∞          Reflect  .   (no helmet)
rElec   .          Harm     .   (no cloak)
rCorr   .          Rampage  .   (no gloves)
Will    .....                   (boots unavailable)
Stlth   ++........              (no amulet)
HPRegen 0.07/turn               (no ring)
MPRegen 0.00/turn               (no ring)

@: flying
A: sickness immunity, fire resistance 2, cold vulnerability 1, float, innate
caster, hp casting, extra vitality 1
a: no special abilities


You were on level 1 of the Dungeon.
You visited 1 branch of the dungeon, and saw 1 of its levels.

You collected 47 gold pieces.

Inventory:

Hand Weapons
 c - a +2 hand axe of freezing (weapon)
Armour
 a - a +0 robe (worn)
 f - a +0 ring mail
 h - a +0 pair of boots
Scrolls
 b - 2 scrolls of enchant weapon {unknown}
 e - a scroll of enchant armour {unknown}
Potions
 d - a potion of magic {unknown}
 g - a potion of degeneration {unknown}


   Skills:
 + Level 0.1 Axes
 + Level 2.2 Dodging
 + Level 1.7 Stealth
 + Level 2.8 Spellcasting


You couldn't memorise any spells.
You knew the following spells:

 Your Spells              Type           Power      Damage    Failure   Level
a - Foxfire               Conj/Fire      44%        2x1d6     6%          1
b - Scorch                Fire           22%        2d6       9%          2
c - Conjure Flame         Conj/Fire      11%        6-21      17%         3
d - Inner Flame           Hex/Fire       11%        N/A       17%         3
e - Flame Wave            Conj/Fire      11%        2d5       50%         4
Your spell library was empty.

Dungeon Overview and Level Annotations

Branches:
Dungeon (1/15)

Altars:


Innate Abilities, Weirdness & Mutations

You are immune to sickness and miasma.
You are immune to poison.
Your flesh is very heat resistant. (rF++)
You are vulnerable to cold. (rC-)
You float through the air rather than walking.
You learn spells naturally, not from books.
Your magical power is your life essence.
You have superior vitality. (+4 MHP)


Message History

You reach down and open the door.
You reach down and open the door.
There is an open door here.
An endoplasm comes into view.
A rat comes into view.
Casting: Foxfire (safe; 6% risk of failure)
Confirm with . or Enter, or press ? or * to list all spells.
You don't know that spell.
Casting: Foxfire (safe; 6% risk of failure)
Confirm with . or Enter, or press ? or * to list all spells.
You conjure some foxfire!
The endoplasm quivers.
The foxfire hits the rat.
The rat is severely wounded.
The rat closely misses you.
You hit the rat. You freeze the rat.
You kill the rat!
You hit the endoplasm. You freeze the endoplasm.
The endoplasm is moderately wounded.
The endoplasm freezes you.
You are frozen!
You feel a terrible chill!
You hit the endoplasm but do no damage.
The endoplasm is moderately wounded.
The endoplasm freezes you.
You are frozen.
You feel a terrible chill!
* * * LOW HITPOINT WARNING * * *
Casting: Foxfire (safe; 6% risk of failure)
Confirm with . or Enter, or press ? or * to list all spells.
You conjure some foxfire!
* * * LOW HITPOINT WARNING * * *
The endoplasm closely misses you.
Your foxfire dissipates!
The endoplasm freezes you.
You are frozen.
You feel a terrible chill!
* * * LOW HITPOINT WARNING * * *
The endoplasm closely misses you.
You completely miss the endoplasm. The endoplasm freezes you.
You are frozen!
You feel a terrible chill!
You die...

#####.#### ..#
#........# #.#
#.###.##.##.# #.#
#.##...#.##.#### #.#
................ #.#
#.##.†.#.#..#.#.##.#####
#.##..##.#..#.#........#
#.##...............###.#
#........####.#.@#####.#
#####'##.# #.#.J...##.#
##...#.####.##.##.##.#
##......)....##.##.##.#
##.......######..##.##.#
#.........####.........#
'.........'.......#.####
#.........####...##.#
##.......## ##.###.#


You could see an endoplasm.

Vanquished Creatures
  2 ball pythons (D:1)
  3 endoplasms (D:1)
  A giant cockroach (D:1)
  A goblin (D:1)
  A quokka (D:1)
  3 rats (D:1)
11 creatures vanquished.

Vanquished Creatures (others)
  10 foxfires (D:1)
  A plant (D:1)
11 creatures vanquished.

Grand Total: 22 creatures vanquished

Notes
Turn   | Place    | Note
-------+----------+-------------------------------------------
     0 | D:1      | melchezedek the Djinni Fire Elementalist began the quest
                  | for the Orb.
     0 | D:1      | Reached XP level 1. HP: 15/15 MP: 0/0
   269 | D:1      | Reached XP level 2. HP: 11/21 MP: 0/0
   482 | D:1      | Frozen to death by an endoplasm

Illustrated notes

Levels and vault maps discovered:
D:1:      psy_arrival_fountain, layout_loops_corners,
          ebering_ecumenical_altar_mist, minmay_misc_feat_diagonals,
          skrybe_limestone_x

Action                   || total
-------------------------++-------
Melee: Hand axe          ||    12
       Unarmed           ||     2
 Cast: Foxfire           ||     8
 Stab: Sleeping          ||     2
Dodge: Dodged            ||     5

Table legend: (Time is in decaauts)
 A = Elapsed time spent in this place.
 B = Non-inter-level travel time spent in this place.
 C = Inter-level travel time spent in this place.
 D = Time resting spent in this place.
 E = Time spent auto-exploring this place.
 F = Levels seen in this place.
 G = Mean time per level.
                   A        B        C        D        E       F      G
               +--------+--------+--------+--------+--------+-----+--------+
         Total |    484 |    472 |     12 |      0 |      0 |   1 |  484.0 |
       Dungeon |    484 |    472 |     12 |      0 |      0 |   1 |  484.0 |
               +--------+--------+--------+--------+--------+-----+--------+

Top non-repeatable levels by time:
     D:1: 484 daAuts
